Map: Catallena LE

Players

Erfeyah

  • Race: Terran Terran
  • Spawn Location: 9:00

A.I. 1 (Very Easy)

  • Race: Terran Terran
  • Spawn Location: 12:00

VOD

Have the link to the VOD?

Description

Time

  • Played on: Nov. 28, 2017, 7:33 p.m.
  • Length: 45:16
Show
View Real Time Build Order
Export as new Build Order

Erfeyah Terran 

Build Orders: MMM Bio, Banshee Rush 

Get SALT Encoding   

    2:00  Protoss Air Armor Level 3, Zerg Missile Weapons Level 3, Zerg Melee Weapons Level 3, Terran Infantry Armor Level 3, Terran Ship Weapons Level 3, Protoss Ground Weapons Level 3, Zerg Flyer Weapons Level 3, Terran Ship Armor Level 3, Protoss Ground Armor Level 3, Terran Vehicle Armor Level 3, Protoss Shields Level 3, Terran Vehicle Weapons Level 3, Protoss Air Weapons Level 3, Zerg Flyer Armor Level 3, Terran Infantry Weapons Level 3, Zerg Ground Armor Level 3  
    2:21  Protoss Ground Weapons Level 2, Zerg Flyer Armor Level 2, Terran Infantry Armor Level 2, Zerg Melee Weapons Level 2, Zerg Flyer Weapons Level 2, Protoss Shields Level 2, Terran Ship Weapons Level 2, Terran Infantry Weapons Level 2, Protoss Ground Armor Level 2, Terran Ship Armor Level 2, Terran Vehicle Armor Level 2, Zerg Ground Armor Level 2, Protoss Air Armor Level 2, Protoss Air Weapons Level 2, Terran Vehicle Weapons Level 2, Zerg Missile Weapons Level 2  
    2:36  Stimpack, Blink  
    2:43  Protoss Ground Armor Level 1, Terran Ship Weapons Level 1, Terran Vehicle Weapons Level 1, Terran Vehicle Armor Level 1, Protoss Ground Weapons Level 1, Terran Infantry Armor Level 1, Zerg Flyer Armor Level 1, Terran Ship Armor Level 1, Protoss Shields Level 1, Warp Gate, Protoss Air Armor Level 1, Zerg Flyer Weapons Level 1, Zerg Ground Armor Level 1, Zerg Missile Weapons Level 1, Zerg Melee Weapons Level 1, Terran Infantry Weapons Level 1, Protoss Air Weapons Level 1  
    2:57  Building Armor, Resonating Glaives, Charge, Extended Thermal Lance  
    3:04  Adrenal Glands, Ventral Sacs  
    3:10  Enduring Locusts  
    3:11  Personal Cloaking  
    3:17  Psionic Storm  
    3:18  Metabolic Boost, Centrifical Hooks, Cloaking Field, Combat Shields, Tunneling Claws, Corvid Reactor, Neosteel Frame, Chitinous Plating, Durable Materials, Neural Parasite, Glial Reconstitution, Infernal Pre-Igniter  
    3:26  Burrow, Muscular Augments x2  
    3:40  Caduceus Reactor, Graviton Catapult, Pathogen Glands, Observer Gravitic Boosters, Hi-Sec Auto Tracking, Gravitic Drive, Moebius Reactor, Behemoth Reactor  
    3:54  Concussive Shells, Weapon Refit, Pneumatized Carapace  
    4:37  Unknown x5  
    5:12  Orbital Command  
    5:25  SCV x12  
    5:40  SCV  
  13  5:44  Protoss Air Armor Level 3, Zerg Missile Weapons Level 3, Zerg Melee Weapons Level 3, Terran Infantry Armor Level 3, Terran Ship Weapons Level 3, Protoss Ground Weapons Level 3, Zerg Flyer Weapons Level 3, Terran Ship Armor Level 3, Protoss Ground Armor Level 3, Terran Vehicle Armor Level 3, Protoss Shields Level 3, Terran Vehicle Weapons Level 3, Protoss Air Weapons Level 3, Zerg Flyer Armor Level 3, Terran Infantry Weapons Level 3, Zerg Ground Armor Level 3  
  13  6:05  Protoss Ground Weapons Level 2, Zerg Flyer Armor Level 2, Terran Infantry Armor Level 2, Zerg Melee Weapons Level 2, Zerg Flyer Weapons Level 2, Protoss Shields Level 2, Terran Ship Weapons Level 2, Terran Infantry Weapons Level 2, Protoss Ground Armor Level 2, Terran Ship Armor Level 2, Terran Vehicle Armor Level 2, Zerg Ground Armor Level 2, Protoss Air Armor Level 2, Protoss Air Weapons Level 2, Terran Vehicle Weapons Level 2, Zerg Missile Weapons Level 2  
  13  6:09  SCV  
  14  6:20  Supply Depot, Stimpack, Blink  
  14  6:25  SCV  
  15  6:27  Protoss Ground Armor Level 1, Terran Ship Weapons Level 1, Terran Vehicle Weapons Level 1, Terran Vehicle Armor Level 1, Protoss Ground Weapons Level 1, Terran Infantry Armor Level 1, Zerg Flyer Armor Level 1, Terran Ship Armor Level 1, Protoss Shields Level 1, Warp Gate, Protoss Air Armor Level 1, Zerg Flyer Weapons Level 1, Zerg Ground Armor Level 1, Zerg Missile Weapons Level 1, Zerg Melee Weapons Level 1, Terran Infantry Weapons Level 1, Protoss Air Weapons Level 1  
  15  6:41  Building Armor, Resonating Glaives, Charge, Extended Thermal Lance  
  15  6:44  Barracks  
  15  6:48  Adrenal Glands, Ventral Sacs  
  15  6:54  Enduring Locusts  
  15  6:55  Personal Cloaking  
  15  7:01  Psionic Storm, SCV, Refinery  
  16  7:02  Metabolic Boost, Centrifical Hooks, Cloaking Field, Combat Shields, Tunneling Claws, Corvid Reactor, Neosteel Frame, Chitinous Plating, Durable Materials, Neural Parasite, Glial Reconstitution, Infernal Pre-Igniter  
  16  7:10  Burrow, Muscular Augments x2  
  16  7:13  SCV  
  17  7:24  Caduceus Reactor, Graviton Catapult, Pathogen Glands, Observer Gravitic Boosters, Hi-Sec Auto Tracking, Gravitic Drive, Moebius Reactor, Behemoth Reactor  
  17  7:25  SCV  
  18  7:32  Marine  
  19  7:38  Concussive Shells, Weapon Refit, Pneumatized Carapace  
  19  7:39  Orbital Command  
  19  7:51  Barracks Tech Lab  
  19  8:16  Orbital Command  
  19  8:21  Unknown x5  
    8:29  SCV x12  
    8:43  SCV  
  13  9:03  SCV, Supply Depot  
  14  9:16  SCV  
  15  9:30  Barracks  
  15  9:35  SCV  
  16  9:40  Refinery  
  16  9:47  SCV  
  17  9:57  Protoss Air Armor Level 3, Zerg Missile Weapons Level 3, Zerg Melee Weapons Level 3, Terran Infantry Armor Level 3, Terran Ship Weapons Level 3, Protoss Ground Weapons Level 3, Zerg Flyer Weapons Level 3, Terran Ship Armor Level 3, Protoss Ground Armor Level 3, Terran Vehicle Armor Level 3, Protoss Shields Level 3, Terran Vehicle Weapons Level 3, Protoss Air Weapons Level 3, Zerg Flyer Armor Level 3, Terran Infantry Weapons Level 3, Zerg Ground Armor Level 3  
  17  9:59  SCV  
  18  10:18  Protoss Ground Weapons Level 2, Zerg Flyer Armor Level 2, Terran Infantry Armor Level 2, Zerg Melee Weapons Level 2, Zerg Flyer Weapons Level 2, Protoss Shields Level 2, Terran Ship Weapons Level 2, Terran Infantry Weapons Level 2, Protoss Ground Armor Level 2, Terran Ship Armor Level 2, Terran Vehicle Armor Level 2, Zerg Ground Armor Level 2, Protoss Air Armor Level 2, Protoss Air Weapons Level 2, Terran Vehicle Weapons Level 2, Zerg Missile Weapons Level 2  
  18  10:19  Orbital Command  
  18  10:33  Supply Depot, Stimpack, Blink  
  18  10:40  Protoss Ground Armor Level 1, Terran Ship Weapons Level 1, Terran Vehicle Weapons Level 1, Terran Vehicle Armor Level 1, Protoss Ground Weapons Level 1, Terran Infantry Armor Level 1, Zerg Flyer Armor Level 1, Terran Ship Armor Level 1, Protoss Shields Level 1, Warp Gate, Protoss Air Armor Level 1, Zerg Flyer Weapons Level 1, Zerg Ground Armor Level 1, Zerg Missile Weapons Level 1, Zerg Melee Weapons Level 1, Terran Infantry Weapons Level 1, Protoss Air Weapons Level 1  
  18  10:54  Building Armor, Resonating Glaives, Charge, Extended Thermal Lance  
  18  11:00  Marine  
  18  11:01  Adrenal Glands, Ventral Sacs  
  19  11:07  Enduring Locusts  
  19  11:08  Personal Cloaking  
  19  11:14  Psionic Storm  
  19  11:15  Metabolic Boost, Centrifical Hooks, Cloaking Field, Combat Shields, Tunneling Claws, Corvid Reactor, Neosteel Frame, Chitinous Plating, Durable Materials, Neural Parasite, Glial Reconstitution, Infernal Pre-Igniter  
  19  11:19  Barracks Reactor  
  19  11:20  SCV  
  19  11:23  Burrow, Muscular Augments x2  
  20  11:37  Caduceus Reactor, Graviton Catapult, Pathogen Glands, Observer Gravitic Boosters, Hi-Sec Auto Tracking, Gravitic Drive, Moebius Reactor, Behemoth Reactor  
  20  11:46  Protoss Air Armor Level 3, Zerg Missile Weapons Level 3, Zerg Melee Weapons Level 3, Terran Infantry Armor Level 3, Terran Ship Weapons Level 3, Protoss Ground Weapons Level 3, Zerg Flyer Weapons Level 3, Terran Ship Armor Level 3, Protoss Ground Armor Level 3, Terran Vehicle Armor Level 3, Protoss Shields Level 3, Terran Vehicle Weapons Level 3, Protoss Air Weapons Level 3, Zerg Flyer Armor Level 3, Terran Infantry Weapons Level 3, Zerg Ground Armor Level 3  
  20  11:51  Concussive Shells, Weapon Refit, Pneumatized Carapace  
  20  12:07  Protoss Ground Weapons Level 2, Zerg Flyer Armor Level 2, Terran Infantry Armor Level 2, Zerg Melee Weapons Level 2, Zerg Flyer Weapons Level 2, Protoss Shields Level 2, Terran Ship Weapons Level 2, Terran Infantry Weapons Level 2, Protoss Ground Armor Level 2, Terran Ship Armor Level 2, Terran Vehicle Armor Level 2, Zerg Ground Armor Level 2, Protoss Air Armor Level 2, Protoss Air Weapons Level 2, Terran Vehicle Weapons Level 2, Zerg Missile Weapons Level 2  
  20  12:22  Stimpack, Blink  
  20  12:29  Protoss Ground Armor Level 1, Terran Ship Weapons Level 1, Terran Vehicle Weapons Level 1, Terran Vehicle Armor Level 1, Protoss Ground Weapons Level 1, Terran Infantry Armor Level 1, Zerg Flyer Armor Level 1, Terran Ship Armor Level 1, Protoss Shields Level 1, Warp Gate, Protoss Air Armor Level 1, Zerg Flyer Weapons Level 1, Zerg Ground Armor Level 1, Zerg Missile Weapons Level 1, Zerg Melee Weapons Level 1, Terran Infantry Weapons Level 1, Protoss Air Weapons Level 1  
  20  12:34  Unknown x5  
    12:38  SCV x12  
    12:43  Building Armor, Resonating Glaives, Charge, Extended Thermal Lance  
    12:50  Adrenal Glands, Ventral Sacs, Unknown  
  12  12:54  SCV  
  12  12:56  Enduring Locusts  
  12  12:57  Personal Cloaking  
  13  13:03  Psionic Storm  
  13  13:04  Metabolic Boost, Centrifical Hooks, Cloaking Field, Combat Shields, Tunneling Claws, Corvid Reactor, Neosteel Frame, Chitinous Plating, Durable Materials, Neural Parasite, Glial Reconstitution, Infernal Pre-Igniter  
  13  13:12  Burrow, Muscular Augments x2  
  13  13:16  Supply Depot  
  13  13:20  SCV  
  13  13:26  Caduceus Reactor, Graviton Catapult, Pathogen Glands, Observer Gravitic Boosters, Hi-Sec Auto Tracking, Gravitic Drive, Moebius Reactor, Behemoth Reactor  
  14  13:32  SCV  
  15  13:40  Concussive Shells, Weapon Refit, Pneumatized Carapace  
  15  13:49  Barracks  
  15  13:52  Protoss Air Armor Level 3, Zerg Missile Weapons Level 3, Zerg Melee Weapons Level 3, Terran Infantry Armor Level 3, Terran Ship Weapons Level 3, Protoss Ground Weapons Level 3, Zerg Flyer Weapons Level 3, Terran Ship Armor Level 3, Protoss Ground Armor Level 3, Terran Vehicle Armor Level 3, Protoss Shields Level 3, Terran Vehicle Weapons Level 3, Protoss Air Weapons Level 3, Zerg Flyer Armor Level 3, Terran Infantry Weapons Level 3, Zerg Ground Armor Level 3  
  15  13:59  SCV  
  16  14:05  Refinery  
  16  14:13  Protoss Ground Weapons Level 2, Zerg Flyer Armor Level 2, Terran Infantry Armor Level 2, Zerg Melee Weapons Level 2, Zerg Flyer Weapons Level 2, Protoss Shields Level 2, Terran Ship Weapons Level 2, Terran Infantry Weapons Level 2, Protoss Ground Armor Level 2, Terran Ship Armor Level 2, Terran Vehicle Armor Level 2, Zerg Ground Armor Level 2, Protoss Air Armor Level 2, Protoss Air Weapons Level 2, Terran Vehicle Weapons Level 2, Zerg Missile Weapons Level 2  
  16  14:23  Unknown x5  
    14:28  Stimpack, Blink  
    14:35  Protoss Ground Armor Level 1, Terran Ship Weapons Level 1, Terran Vehicle Weapons Level 1, Terran Vehicle Armor Level 1, Protoss Ground Weapons Level 1, Terran Infantry Armor Level 1, Zerg Flyer Armor Level 1, Terran Ship Armor Level 1, Protoss Shields Level 1, Warp Gate, Protoss Air Armor Level 1, Zerg Flyer Weapons Level 1, Zerg Ground Armor Level 1, Zerg Missile Weapons Level 1, Zerg Melee Weapons Level 1, Terran Infantry Weapons Level 1, Protoss Air Weapons Level 1  
    14:49  Building Armor, Resonating Glaives, Charge, Extended Thermal Lance  
    14:52  SCV x12  
    14:56  Adrenal Glands, Ventral Sacs  
    15:02  Enduring Locusts  
    15:03  Personal Cloaking  
    15:04  Unknown  
    15:06  SCV  
  13  15:09  Psionic Storm  
  13  15:10  Metabolic Boost, Centrifical Hooks, Cloaking Field, Combat Shields, Tunneling Claws, Corvid Reactor, Neosteel Frame, Chitinous Plating, Durable Materials, Neural Parasite, Glial Reconstitution, Infernal Pre-Igniter  
  13  15:18  Burrow, Muscular Augments x2  
  13  15:24  Supply Depot  
  13  15:32  Caduceus Reactor, Graviton Catapult, Pathogen Glands, Observer Gravitic Boosters, Hi-Sec Auto Tracking, Gravitic Drive, Moebius Reactor, Behemoth Reactor  
  13  15:43  SCV  
  13  15:46  Concussive Shells, Weapon Refit, Pneumatized Carapace  
  14  15:50  Barracks  
  14  15:58  SCV  
  15  16:09  Refinery  
  15  16:17  Orbital Command  
  15  16:29  Unknown x5  
  15  16:30  SCV x12  
    16:43  Protoss Air Armor Level 3, Zerg Missile Weapons Level 3, Zerg Melee Weapons Level 3, Terran Infantry Armor Level 3, Terran Ship Weapons Level 3, Protoss Ground Weapons Level 3, Zerg Flyer Weapons Level 3, Terran Ship Armor Level 3, Protoss Ground Armor Level 3, Terran Vehicle Armor Level 3, Protoss Shields Level 3, Terran Vehicle Weapons Level 3, Protoss Air Weapons Level 3, Zerg Flyer Armor Level 3, Terran Infantry Weapons Level 3, Zerg Ground Armor Level 3  
    16:44  SCV  
  13  17:00  Supply Depot  
  13  17:04  Protoss Ground Weapons Level 2, Zerg Flyer Armor Level 2, Terran Infantry Armor Level 2, Zerg Melee Weapons Level 2, Zerg Flyer Weapons Level 2, Protoss Shields Level 2, Terran Ship Weapons Level 2, Terran Infantry Weapons Level 2, Protoss Ground Armor Level 2, Terran Ship Armor Level 2, Terran Vehicle Armor Level 2, Zerg Ground Armor Level 2, Protoss Air Armor Level 2, Protoss Air Weapons Level 2, Terran Vehicle Weapons Level 2, Zerg Missile Weapons Level 2  
  13  17:12  SCV  
  14  17:19  Stimpack, Blink  
  14  17:26  Protoss Ground Armor Level 1, Barracks, Terran Vehicle Weapons Level 1, Terran Vehicle Armor Level 1, Protoss Ground Weapons Level 1, Terran Infantry Armor Level 1, Zerg Flyer Armor Level 1, Terran Ship Armor Level 1, Protoss Shields Level 1, Warp Gate, Protoss Air Armor Level 1, Zerg Flyer Weapons Level 1, Terran Ship Weapons Level 1, Zerg Ground Armor Level 1, Zerg Missile Weapons Level 1, Zerg Melee Weapons Level 1, Terran Infantry Weapons Level 1, Protoss Air Weapons Level 1  
  14  17:29  SCV  
  15  17:40  Building Armor, Resonating Glaives, Charge, Extended Thermal Lance  
  15  17:41  SCV  
  16  17:45  Refinery  
  16  17:47  Adrenal Glands, Ventral Sacs  
  16  17:53  Enduring Locusts  
  16  17:54  Personal Cloaking  
  16  18:00  Psionic Storm  
  16  18:01  Metabolic Boost, Centrifical Hooks, Cloaking Field, Combat Shields, Tunneling Claws, Corvid Reactor, Neosteel Frame, Chitinous Plating, Durable Materials, Neural Parasite, Glial Reconstitution, Infernal Pre-Igniter  
  16  18:09  Burrow, Muscular Augments x2  
  16  18:23  Caduceus Reactor, Graviton Catapult, Pathogen Glands, Observer Gravitic Boosters, Hi-Sec Auto Tracking, Gravitic Drive, Moebius Reactor, Behemoth Reactor  
  16  18:25  Orbital Command  
  16  18:37  Concussive Shells, Weapon Refit, Pneumatized Carapace  
  16  18:40  Barracks Reactor  
  16  18:51  SCV  
  17  19:03  SCV  
  18  19:11  Orbital Command  
  18  19:13  Command Center  
  19  19:20  Unknown x5  
  19  19:24  SCV x12  
    19:37  SCV  
  13  19:54  Supply Depot  
  13  19:59  SCV  
  14  20:11  SCV  
  15  20:19  Barracks  
  15  20:23  SCV  
  15  20:28  Refinery  
  16  20:35  SCV  
  17  20:47  SCV  
  18  21:00  SCV  
  19  21:13  Orbital Command  
  19  21:23  Barracks Reactor  
  19  21:35  Command Center  
  19  21:39  SCV  
  20  21:49  Barracks  
  20  22:00  Marine  
  21  22:08  Protoss Air Armor Level 3, Zerg Missile Weapons Level 3, Zerg Melee Weapons Level 3, Terran Infantry Armor Level 3, Terran Ship Weapons Level 3, Protoss Ground Weapons Level 3, Zerg Flyer Weapons Level 3, Terran Ship Armor Level 3, Protoss Ground Armor Level 3, Terran Vehicle Armor Level 3, Protoss Shields Level 3, Terran Vehicle Weapons Level 3, Protoss Air Weapons Level 3, Zerg Flyer Armor Level 3, Terran Infantry Weapons Level 3, Zerg Ground Armor Level 3  
  21  22:14  Marine  
  22  22:25  Supply Depot  
  22  22:29  Protoss Ground Weapons Level 2, Zerg Flyer Armor Level 2, Terran Infantry Armor Level 2, Zerg Melee Weapons Level 2, Zerg Flyer Weapons Level 2, Protoss Shields Level 2, Terran Ship Weapons Level 2, Terran Infantry Weapons Level 2, Protoss Ground Armor Level 2, Terran Ship Armor Level 2, Terran Vehicle Armor Level 2, Zerg Ground Armor Level 2, Protoss Air Armor Level 2, Protoss Air Weapons Level 2, Terran Vehicle Weapons Level 2, Zerg Missile Weapons Level 2  
  22  22:36  SCV  
  23  22:44  Stimpack, Blink  
  23  22:47  Barracks  
  23  22:51  Protoss Ground Armor Level 1, Terran Ship Weapons Level 1, Terran Vehicle Weapons Level 1, Terran Vehicle Armor Level 1, Protoss Ground Weapons Level 1, Terran Infantry Armor Level 1, Zerg Flyer Armor Level 1, Terran Ship Armor Level 1, Protoss Shields Level 1, Warp Gate, Protoss Air Armor Level 1, Zerg Flyer Weapons Level 1, Zerg Ground Armor Level 1, Zerg Missile Weapons Level 1, Zerg Melee Weapons Level 1, Terran Infantry Weapons Level 1, Protoss Air Weapons Level 1  
  23  22:52  Marine x2  
  25  23:05  Building Armor, Resonating Glaives, Charge, Extended Thermal Lance  
  25  23:12  Adrenal Glands, Ventral Sacs  
  25  23:16  SCV  
  25  23:18  Enduring Locusts  
  25  23:19  Personal Cloaking  
  26  23:20  Barracks Tech Lab  
  26  23:25  Psionic Storm  
  26  23:26  Metabolic Boost, Centrifical Hooks, Cloaking Field, Combat Shields, Tunneling Claws, Corvid Reactor, Neosteel Frame, Chitinous Plating, Durable Materials, Neural Parasite, Glial Reconstitution, Infernal Pre-Igniter  
  26  23:27  Orbital Command  
  26  23:34  Burrow, Muscular Augments x2, SCV  
  26  23:37  Marine  
  26  23:38  Marine  
  26  23:39  Marine  
  30  23:48  Caduceus Reactor, Graviton Catapult, Pathogen Glands, Observer Gravitic Boosters, Hi-Sec Auto Tracking, Gravitic Drive, Moebius Reactor, Behemoth Reactor  
  30  24:02  Concussive Shells, Weapon Refit, Pneumatized Carapace  
  30  24:18  SCV  
  30  24:20  SCV  
  30  24:24  Marine x2  
  32  24:25  Marine  
  35  24:45  Unknown x5  
    24:59  Orbital Command  
    25:12  SCV x12  
    25:26  SCV  
  13  25:38  SCV  
  14  25:43  Supply Depot  
  14  25:57  SCV  
  15  26:10  Barracks  
  15  26:13  SCV  
  16  26:20  Refinery  
  16  26:30  SCV  
  17  26:42  SCV  
  18  27:03  SCV  
  19  27:17  Orbital Command  
  19  27:21  Barracks Reactor  
  19  27:35  Command Center  
  19  27:48  SCV  
  20  27:55  Barracks  
  20  27:58  Marine  
  21  27:59  Marine  
  22  28:08  Supply Depot  
  22  28:18  SCV  
  23  28:26  Barracks  
  23  28:32  Marine  
  23  28:33  Marine  
  25  28:45  SCV  
  25  28:48  Barracks Tech Lab  
  26  28:57  SCV  
  26  29:01  Orbital Command  
  27  29:05  Marine  
  27  29:06  Marine  
  27  29:07  Marine  
  30  29:23  SCV  
  31  29:32  SCV  
  31  29:37  Stimpack  
  32  29:46  Barracks Reactor  
  32  29:50  Marine  
  32  29:51  Marine  
  34  30:01  Factory  
  35  30:14  SCV x2  
  35  30:21  Refinery  
  36  30:23  Marine  
  37  30:33  Supply Depot  
  37  30:38  SCV  
  37  30:39  SCV  
  37  30:40  Marine x2  
  37  30:42  Marine  
  42  30:51  SCV  
  42  30:52  SCV  
  42  30:55  Starport  
  44  31:03  Marine  
  45  31:06  Marine x2  
  47  31:26  Marine  
  47  31:27  Marine x2  
  50  31:37  Starport Reactor  
  50  31:43  Marine x2  
  50  31:44  SCV x2  
  54  32:05  Supply Depot  
  54  32:26  Marine  
  54  32:27  SCV, Medivac x2, Marine  
  61  32:31  Marine  
  62  32:51  Supply Depot  
  62  33:08  Supply Depot  
  62  33:13  Medivac x2, Marine x3  
  62  33:14  Supply Depot  
  69  33:31  Supply Depot, Engineering Bay  
  69  33:37  Supply Depot  
  69  33:40  Marine  
  69  33:41  SCV x2, Marine  
  71  33:42  Marine  
  71  33:43  Marine x2  
  76  33:53  SCV  
  76  33:54  SCV, Supply Depot  
  78  34:00  Supply Depot  
  78  34:11  SCV x2  
  78  34:12  Marine x4  
  78  34:13  Marine  
  78  34:14  Medivac  
  78  34:15  Medivac  
  89  34:23  SCV  
  90  34:29  Marine  
  91  34:37  SCV x2, Marine  
  91  34:38  Marine x3  
  97  34:44  Medivac x2  
  101  34:47  Marine  
  102  34:55  Marine  
  103  35:14  Medivac x2  
  107  35:41  SCV x2  
  107  35:42  Marine x5  
  113  35:44  Medivac x2  
  118  36:14  Supply Depot  
  118  36:15  Supply Depot  
  118  36:17  Supply Depot x2  
  118  36:35  SCV x2, Medivac, Marine x2  
  124  36:48  SCV  
  125  37:15  SCV x2  
  127  37:16  Marine x3  
  127  37:17  Marine x2  
  132  37:27  SCV x2  
  134  37:34  Marine x4  
  134  37:35  Marine  
  139  37:39  SCV  
  140  37:44  Hellion  
  142  41:23  Terran Infantry Weapons Level 1  
  142  41:48  Combat Shields  
Show
View Real Time Build Order
Export as new Build Order

A.I. 1 (Very Easy) Terran 

Build Orders: MMM Bio, Banshee Rush 

Get SALT Encoding   

    2:00  Protoss Air Armor Level 3, Zerg Missile Weapons Level 3, Zerg Melee Weapons Level 3, Terran Infantry Armor Level 3, Terran Ship Weapons Level 3, Protoss Ground Weapons Level 3, Zerg Flyer Weapons Level 3, Terran Ship Armor Level 3, Protoss Ground Armor Level 3, Terran Vehicle Armor Level 3, Protoss Shields Level 3, Terran Vehicle Weapons Level 3, Protoss Air Weapons Level 3, Zerg Flyer Armor Level 3, Terran Infantry Weapons Level 3, Zerg Ground Armor Level 3  
    2:21  Protoss Ground Weapons Level 2, Zerg Flyer Armor Level 2, Terran Infantry Armor Level 2, Zerg Melee Weapons Level 2, Zerg Flyer Weapons Level 2, Protoss Shields Level 2, Terran Ship Weapons Level 2, Terran Infantry Weapons Level 2, Protoss Ground Armor Level 2, Terran Ship Armor Level 2, Terran Vehicle Armor Level 2, Zerg Ground Armor Level 2, Protoss Air Armor Level 2, Protoss Air Weapons Level 2, Terran Vehicle Weapons Level 2, Zerg Missile Weapons Level 2  
    2:36  Stimpack, Blink  
    2:43  Protoss Ground Armor Level 1, Terran Ship Weapons Level 1, Terran Vehicle Weapons Level 1, Terran Vehicle Armor Level 1, Protoss Ground Weapons Level 1, Terran Infantry Armor Level 1, Zerg Flyer Armor Level 1, Terran Ship Armor Level 1, Protoss Shields Level 1, Warp Gate, Protoss Air Armor Level 1, Zerg Flyer Weapons Level 1, Zerg Ground Armor Level 1, Zerg Missile Weapons Level 1, Zerg Melee Weapons Level 1, Terran Infantry Weapons Level 1, Protoss Air Weapons Level 1  
    2:57  Building Armor, Resonating Glaives, Charge, Extended Thermal Lance  
    3:04  Adrenal Glands, Ventral Sacs  
    3:10  Enduring Locusts  
    3:11  Personal Cloaking  
    3:17  Psionic Storm  
    3:18  Metabolic Boost, Centrifical Hooks, Cloaking Field, Combat Shields, Tunneling Claws, Corvid Reactor, Neosteel Frame, Chitinous Plating, Durable Materials, Neural Parasite, Glial Reconstitution, Infernal Pre-Igniter  
    3:26  Burrow, Muscular Augments x2  
    3:40  Caduceus Reactor, Graviton Catapult, Pathogen Glands, Observer Gravitic Boosters, Hi-Sec Auto Tracking, Gravitic Drive, Moebius Reactor, Behemoth Reactor  
    3:54  Concussive Shells, Weapon Refit, Pneumatized Carapace  
    4:37  Unknown x5  
    5:25  SCV x12  
    5:37  Unknown  
    5:39  SCV  
  13  5:44  Protoss Air Armor Level 3, Zerg Missile Weapons Level 3, Zerg Melee Weapons Level 3, Terran Infantry Armor Level 3, Terran Ship Weapons Level 3, Protoss Ground Weapons Level 3, Zerg Flyer Weapons Level 3, Terran Ship Armor Level 3, Protoss Ground Armor Level 3, Terran Vehicle Armor Level 3, Protoss Shields Level 3, Terran Vehicle Weapons Level 3, Protoss Air Weapons Level 3, Zerg Flyer Armor Level 3, Terran Infantry Weapons Level 3, Zerg Ground Armor Level 3  
  13  5:56  Supply Depot  
  13  6:05  Protoss Ground Weapons Level 2, Zerg Flyer Armor Level 2, Terran Infantry Armor Level 2, Zerg Melee Weapons Level 2, Zerg Flyer Weapons Level 2, Protoss Shields Level 2, Terran Ship Weapons Level 2, Terran Infantry Weapons Level 2, Protoss Ground Armor Level 2, Terran Ship Armor Level 2, Terran Vehicle Armor Level 2, Zerg Ground Armor Level 2, Protoss Air Armor Level 2, Protoss Air Weapons Level 2, Terran Vehicle Weapons Level 2, Zerg Missile Weapons Level 2  
  13  6:20  Stimpack, Blink  
  13  6:22  Barracks  
  13  6:27  Protoss Ground Armor Level 1, Terran Ship Weapons Level 1, Terran Vehicle Weapons Level 1, Terran Vehicle Armor Level 1, Protoss Ground Weapons Level 1, Terran Infantry Armor Level 1, Zerg Flyer Armor Level 1, Terran Ship Armor Level 1, Protoss Shields Level 1, Warp Gate, Protoss Air Armor Level 1, Zerg Flyer Weapons Level 1, Zerg Ground Armor Level 1, Zerg Missile Weapons Level 1, Zerg Melee Weapons Level 1, Terran Infantry Weapons Level 1, Protoss Air Weapons Level 1  
  13  6:41  Building Armor, Resonating Glaives, Charge, Extended Thermal Lance  
  13  6:48  Adrenal Glands, Ventral Sacs  
  13  6:54  Enduring Locusts  
  13  6:55  Personal Cloaking  
  13  7:00  Command Center  
  13  7:01  Psionic Storm  
  13  7:02  Metabolic Boost, Centrifical Hooks, Cloaking Field, Combat Shields, Tunneling Claws, Corvid Reactor, Neosteel Frame, Chitinous Plating, Durable Materials, Neural Parasite, Glial Reconstitution, Infernal Pre-Igniter  
  13  7:08  Marine  
  13  7:10  Burrow, Muscular Augments x2  
  14  7:24  Caduceus Reactor, Graviton Catapult, Pathogen Glands, Observer Gravitic Boosters, Hi-Sec Auto Tracking, Gravitic Drive, Moebius Reactor, Behemoth Reactor  
  14  7:38  Concussive Shells, Weapon Refit, Pneumatized Carapace  
  14  8:21  Unknown x5  
    8:29  SCV x12  
    8:41  Unknown  
    8:43  SCV  
  13  8:55  SCV  
  14  9:02  Supply Depot  
  14  9:07  SCV  
  15  9:57  Protoss Air Armor Level 3, Zerg Missile Weapons Level 3, Zerg Melee Weapons Level 3, Terran Infantry Armor Level 3, Terran Ship Weapons Level 3, Protoss Ground Weapons Level 3, Zerg Flyer Weapons Level 3, Terran Ship Armor Level 3, Protoss Ground Armor Level 3, Terran Vehicle Armor Level 3, Protoss Shields Level 3, Terran Vehicle Weapons Level 3, Protoss Air Weapons Level 3, Zerg Flyer Armor Level 3, Terran Infantry Weapons Level 3, Zerg Ground Armor Level 3  
  15  9:59  Command Center  
  15  10:18  Protoss Ground Weapons Level 2, Zerg Flyer Armor Level 2, Terran Infantry Armor Level 2, Zerg Melee Weapons Level 2, Zerg Flyer Weapons Level 2, Protoss Shields Level 2, Terran Ship Weapons Level 2, Terran Infantry Weapons Level 2, Protoss Ground Armor Level 2, Terran Ship Armor Level 2, Terran Vehicle Armor Level 2, Zerg Ground Armor Level 2, Protoss Air Armor Level 2, Protoss Air Weapons Level 2, Terran Vehicle Weapons Level 2, Zerg Missile Weapons Level 2  
  15  10:25  SCV  
  15  10:27  Barracks  
  16  10:33  Supply Depot, Stimpack, Blink  
  16  10:37  SCV  
  16  10:40  Protoss Ground Armor Level 1, Terran Ship Weapons Level 1, Terran Vehicle Weapons Level 1, Terran Vehicle Armor Level 1, Protoss Ground Weapons Level 1, Terran Infantry Armor Level 1, Zerg Flyer Armor Level 1, Terran Ship Armor Level 1, Protoss Shields Level 1, Warp Gate, Protoss Air Armor Level 1, Zerg Flyer Weapons Level 1, Zerg Ground Armor Level 1, Zerg Missile Weapons Level 1, Zerg Melee Weapons Level 1, Terran Infantry Weapons Level 1, Protoss Air Weapons Level 1  
  17  10:49  SCV  
  18  10:54  Building Armor, Resonating Glaives, Charge, Extended Thermal Lance  
  18  11:01  Adrenal Glands, Ventral Sacs  
  18  11:07  Enduring Locusts  
  18  11:08  Personal Cloaking  
  18  11:09  SCV  
  19  11:14  Psionic Storm  
  19  11:15  Metabolic Boost, Centrifical Hooks, Marine, Cloaking Field, Combat Shields, Tunneling Claws, Corvid Reactor, Neosteel Frame, Chitinous Plating, Durable Materials, Neural Parasite, Glial Reconstitution, Infernal Pre-Igniter  
  19  11:16  SCV  
  21  11:23  Burrow, Muscular Augments x2, SCV  
  23  11:37  Caduceus Reactor, Graviton Catapult, Pathogen Glands, Observer Gravitic Boosters, Hi-Sec Auto Tracking, Gravitic Drive, Moebius Reactor, Behemoth Reactor  
  25  11:41  SCV  
  25  11:46  Protoss Air Armor Level 3, Zerg Missile Weapons Level 3, Zerg Melee Weapons Level 3, Terran Infantry Armor Level 3, Terran Ship Weapons Level 3, Protoss Ground Weapons Level 3, Zerg Flyer Weapons Level 3, Terran Ship Armor Level 3, Protoss Ground Armor Level 3, Terran Vehicle Armor Level 3, Protoss Shields Level 3, Terran Vehicle Weapons Level 3, Protoss Air Weapons Level 3, Zerg Flyer Armor Level 3, Terran Infantry Weapons Level 3, Zerg Ground Armor Level 3  
  25  11:51  Concussive Shells, Weapon Refit, Pneumatized Carapace  
  26  12:07  Protoss Ground Weapons Level 2, Zerg Flyer Armor Level 2, Terran Infantry Armor Level 2, Zerg Melee Weapons Level 2, Zerg Flyer Weapons Level 2, Protoss Shields Level 2, Terran Ship Weapons Level 2, Terran Infantry Weapons Level 2, Protoss Ground Armor Level 2, Terran Ship Armor Level 2, Terran Vehicle Armor Level 2, Zerg Ground Armor Level 2, Protoss Air Armor Level 2, Protoss Air Weapons Level 2, Terran Vehicle Weapons Level 2, Zerg Missile Weapons Level 2  
  26  12:19  SCV  
  26  12:22  Stimpack, Blink  
  26  12:29  Protoss Ground Armor Level 1, Terran Ship Weapons Level 1, Terran Vehicle Weapons Level 1, Terran Vehicle Armor Level 1, Protoss Ground Weapons Level 1, Terran Infantry Armor Level 1, Zerg Flyer Armor Level 1, Terran Ship Armor Level 1, Protoss Shields Level 1, Warp Gate, Protoss Air Armor Level 1, Zerg Flyer Weapons Level 1, Zerg Ground Armor Level 1, Zerg Missile Weapons Level 1, Zerg Melee Weapons Level 1, Terran Infantry Weapons Level 1, Protoss Air Weapons Level 1  
  26  12:34  Unknown x5  
    12:38  SCV x12  
    12:43  Building Armor, Resonating Glaives, Charge, Extended Thermal Lance  
    12:50  Adrenal Glands, Ventral Sacs, Unknown  
  12  12:53  SCV  
  12  12:56  Enduring Locusts  
  12  12:57  Personal Cloaking  
  13  13:03  Psionic Storm  
  13  13:04  Metabolic Boost, Centrifical Hooks, Cloaking Field, Combat Shields, Tunneling Claws, Corvid Reactor, Neosteel Frame, Chitinous Plating, Durable Materials, Neural Parasite, Glial Reconstitution, Infernal Pre-Igniter  
  13  13:05  SCV  
  14  13:12  Burrow, Muscular Augments x2  
  14  13:17  SCV  
  15  13:21  Supply Depot  
  15  13:26  Caduceus Reactor, Graviton Catapult, Pathogen Glands, Observer Gravitic Boosters, Hi-Sec Auto Tracking, Gravitic Drive, Moebius Reactor, Behemoth Reactor  
  15  13:40  Concussive Shells, Weapon Refit, Pneumatized Carapace  
  15  13:43  SCV  
  16  13:52  Protoss Air Armor Level 3, Zerg Missile Weapons Level 3, Zerg Melee Weapons Level 3, Terran Infantry Armor Level 3, Terran Ship Weapons Level 3, Protoss Ground Weapons Level 3, Zerg Flyer Weapons Level 3, Terran Ship Armor Level 3, Protoss Ground Armor Level 3, Terran Vehicle Armor Level 3, Protoss Shields Level 3, Terran Vehicle Weapons Level 3, Protoss Air Weapons Level 3, Zerg Flyer Armor Level 3, Terran Infantry Weapons Level 3, Zerg Ground Armor Level 3  
  16  13:55  SCV  
  17  13:56  Command Center  
  17  14:05  Supply Depot  
  17  14:07  SCV  
  18  14:13  Protoss Ground Weapons Level 2, Zerg Flyer Armor Level 2, Terran Infantry Armor Level 2, Zerg Melee Weapons Level 2, Zerg Flyer Weapons Level 2, Protoss Shields Level 2, Terran Ship Weapons Level 2, Terran Infantry Weapons Level 2, Protoss Ground Armor Level 2, Terran Ship Armor Level 2, Terran Vehicle Armor Level 2, Zerg Ground Armor Level 2, Protoss Air Armor Level 2, Protoss Air Weapons Level 2, Terran Vehicle Weapons Level 2, Zerg Missile Weapons Level 2  
  18  14:23  Unknown x5  
    14:28  Stimpack, Blink  
    14:35  Protoss Ground Armor Level 1, Terran Ship Weapons Level 1, Terran Vehicle Weapons Level 1, Terran Vehicle Armor Level 1, Protoss Ground Weapons Level 1, Terran Infantry Armor Level 1, Zerg Flyer Armor Level 1, Terran Ship Armor Level 1, Protoss Shields Level 1, Warp Gate, Protoss Air Armor Level 1, Zerg Flyer Weapons Level 1, Zerg Ground Armor Level 1, Zerg Missile Weapons Level 1, Zerg Melee Weapons Level 1, Terran Infantry Weapons Level 1, Protoss Air Weapons Level 1  
    14:49  Building Armor, Resonating Glaives, Charge, Extended Thermal Lance  
    14:52  SCV x12  
    14:56  Adrenal Glands, Ventral Sacs  
    15:02  Enduring Locusts  
    15:03  Personal Cloaking  
    15:04  Unknown  
    15:06  SCV  
  13  15:09  Psionic Storm  
  13  15:10  Metabolic Boost, Centrifical Hooks, Cloaking Field, Combat Shields, Tunneling Claws, Corvid Reactor, Neosteel Frame, Chitinous Plating, Durable Materials, Neural Parasite, Glial Reconstitution, Infernal Pre-Igniter  
  13  15:18  Burrow, Muscular Augments x2, SCV  
  14  15:30  SCV  
  14  15:32  Caduceus Reactor, Graviton Catapult, Pathogen Glands, Observer Gravitic Boosters, Hi-Sec Auto Tracking, Gravitic Drive, Moebius Reactor, Behemoth Reactor  
  15  15:36  Supply Depot  
  15  15:46  Concussive Shells, Weapon Refit, Pneumatized Carapace  
  15  15:58  SCV  
  16  16:06  Command Center  
  16  16:19  Barracks  
  16  16:29  Unknown x5  
  16  16:30  SCV x12  
    16:42  Unknown  
    16:43  Protoss Air Armor Level 3, Zerg Missile Weapons Level 3, Zerg Melee Weapons Level 3, Terran Infantry Armor Level 3, Terran Ship Weapons Level 3, Protoss Ground Weapons Level 3, Zerg Flyer Weapons Level 3, Terran Ship Armor Level 3, Protoss Ground Armor Level 3, Terran Vehicle Armor Level 3, Protoss Shields Level 3, Terran Vehicle Weapons Level 3, Protoss Air Weapons Level 3, Zerg Flyer Armor Level 3, Terran Infantry Weapons Level 3, Zerg Ground Armor Level 3  
    16:44  SCV  
  13  16:56  SCV  
  14  17:02  Supply Depot  
  14  17:04  Protoss Ground Weapons Level 2, Zerg Flyer Armor Level 2, Terran Infantry Armor Level 2, Zerg Melee Weapons Level 2, Zerg Flyer Weapons Level 2, Protoss Shields Level 2, Terran Ship Weapons Level 2, Terran Infantry Weapons Level 2, Protoss Ground Armor Level 2, Terran Ship Armor Level 2, Terran Vehicle Armor Level 2, Zerg Ground Armor Level 2, Protoss Air Armor Level 2, Protoss Air Weapons Level 2, Terran Vehicle Weapons Level 2, Zerg Missile Weapons Level 2  
  14  17:08  SCV  
  15  17:19  Stimpack, Blink  
  15  17:23  SCV  
  15  17:26  Protoss Ground Armor Level 1, Terran Ship Weapons Level 1, Terran Vehicle Weapons Level 1, Terran Vehicle Armor Level 1, Protoss Ground Weapons Level 1, Terran Infantry Armor Level 1, Zerg Flyer Armor Level 1, Terran Ship Armor Level 1, Protoss Shields Level 1, Warp Gate, Protoss Air Armor Level 1, Zerg Flyer Weapons Level 1, Zerg Ground Armor Level 1, Zerg Missile Weapons Level 1, Zerg Melee Weapons Level 1, Terran Infantry Weapons Level 1, Protoss Air Weapons Level 1  
  16  17:35  Barracks  
  16  17:36  SCV  
  17  17:40  Building Armor, Resonating Glaives, Charge, Extended Thermal Lance  
  17  17:47  Adrenal Glands, Ventral Sacs  
  17  17:48  SCV  
  18  17:53  Enduring Locusts  
  18  17:54  Personal Cloaking  
  18  18:00  Psionic Storm  
  18  18:01  Metabolic Boost, Centrifical Hooks, Cloaking Field, Combat Shields, Tunneling Claws, Corvid Reactor, Neosteel Frame, Chitinous Plating, Durable Materials, Neural Parasite, Glial Reconstitution, Infernal Pre-Igniter  
  18  18:05  Command Center  
  18  18:09  Burrow, Muscular Augments x2  
  18  18:13  Supply Depot  
  18  18:18  SCV  
  19  18:23  Caduceus Reactor, Graviton Catapult, Pathogen Glands, Observer Gravitic Boosters, Hi-Sec Auto Tracking, Gravitic Drive, Moebius Reactor, Behemoth Reactor  
  19  18:24  Marine  
  20  18:30  SCV  
  21  18:37  Concussive Shells, Weapon Refit, Pneumatized Carapace  
  21  18:42  SCV  
  21  18:48  Marine  
  23  18:54  SCV  
  24  18:57  Supply Depot  
  24  19:06  SCV  
  26  19:20  Unknown x5  
  26  19:24  SCV x12  
    19:36  Unknown  
  12  19:39  SCV  
  13  19:51  SCV  
  14  20:03  SCV  
  15  20:08  Supply Depot  
  15  20:29  SCV  
  16  20:42  SCV  
  17  20:46  Command Center  
  17  20:52  Supply Depot  
  17  21:03  Barracks  
  17  21:10  SCV  
  18  21:22  SCV  
  19  21:34  SCV  
  20  21:46  SCV  
  21  21:50  Marine  
  21  21:51  Supply Depot  
  22  21:58  SCV  
  22  22:00  SCV  
  24  22:08  Protoss Air Armor Level 3, Zerg Missile Weapons Level 3, Zerg Melee Weapons Level 3, Terran Infantry Armor Level 3, Terran Ship Weapons Level 3, Protoss Ground Weapons Level 3, Marine, Zerg Flyer Weapons Level 3, Terran Ship Armor Level 3, Protoss Ground Armor Level 3, Terran Vehicle Armor Level 3, Protoss Shields Level 3, Terran Vehicle Weapons Level 3, Protoss Air Weapons Level 3, Zerg Flyer Armor Level 3, Terran Infantry Weapons Level 3, Zerg Ground Armor Level 3  
  24  22:10  SCV  
  24  22:14  SCV  
  27  22:22  SCV  
  28  22:26  Marine  
  28  22:28  SCV  
  28  22:29  Protoss Ground Weapons Level 2, Zerg Flyer Armor Level 2, Terran Infantry Armor Level 2, Zerg Melee Weapons Level 2, Zerg Flyer Weapons Level 2, Protoss Shields Level 2, Terran Ship Weapons Level 2, Terran Infantry Weapons Level 2, Protoss Ground Armor Level 2, Terran Ship Armor Level 2, Terran Vehicle Armor Level 2, Zerg Ground Armor Level 2, Protoss Air Armor Level 2, Protoss Air Weapons Level 2, Terran Vehicle Weapons Level 2, Zerg Missile Weapons Level 2  
  30  22:35  SCV  
  31  22:43  SCV  
  32  22:44  Stimpack, Blink  
  32  22:50  SCV  
  32  22:51  Protoss Ground Armor Level 1, Terran Ship Weapons Level 1, Terran Vehicle Weapons Level 1, Terran Vehicle Armor Level 1, Protoss Ground Weapons Level 1, Terran Infantry Armor Level 1, Zerg Flyer Armor Level 1, Terran Ship Armor Level 1, Protoss Shields Level 1, Warp Gate, Protoss Air Armor Level 1, Zerg Flyer Weapons Level 1, Zerg Ground Armor Level 1, Zerg Missile Weapons Level 1, Zerg Melee Weapons Level 1, Terran Infantry Weapons Level 1, Protoss Air Weapons Level 1  
  33  22:57  SCV  
  34  23:04  SCV  
  34  23:05  Building Armor, Resonating Glaives, Charge, Extended Thermal Lance  
  35  23:11  SCV  
  35  23:12  Adrenal Glands, Ventral Sacs  
  36  23:18  SCV, Enduring Locusts  
  36  23:19  Personal Cloaking  
  37  23:25  Psionic Storm, SCV  
  37  23:26  Metabolic Boost, Centrifical Hooks, Cloaking Field, Combat Shields, Tunneling Claws, Corvid Reactor, Neosteel Frame, Chitinous Plating, Durable Materials, Neural Parasite, Glial Reconstitution, Infernal Pre-Igniter  
  38  23:33  SCV  
  39  23:34  Burrow, Muscular Augments x2  
  39  23:40  SCV  
  40  23:47  SCV  
  40  23:48  Caduceus Reactor, Graviton Catapult, Pathogen Glands, Observer Gravitic Boosters, Hi-Sec Auto Tracking, Gravitic Drive, Moebius Reactor, Behemoth Reactor  
  41  23:54  SCV  
  42  24:01  SCV  
  42  24:02  Concussive Shells, Weapon Refit, Pneumatized Carapace  
  43  24:08  SCV  
  44  24:15  SCV  
  45  24:23  SCV  
  46  24:30  SCV  
  47  24:33  Supply Depot  
  48  24:45  Unknown x5  
    25:12  SCV x12  
    25:24  Unknown  
    25:25  SCV  
  13  25:37  SCV  
  14  25:44  Supply Depot  
  14  25:49  SCV  
  15  26:24  Command Center  
  15  26:36  Barracks  
  15  26:43  SCV  
  16  26:55  Supply Depot  
  16  26:56  SCV  
  17  27:08  SCV  
  18  27:21  SCV  
  19  27:23  Marine  
  20  27:33  SCV  
  20  27:36  SCV  
  22  27:41  Marine  
  23  27:45  SCV  
  23  27:50  SCV  
  25  27:57  SCV  
  26  27:59  Marine  
  26  28:05  SCV  
  28  28:12  SCV  
  29  28:19  SCV  
  30  28:26  SCV  
  31  28:33  SCV  
  32  28:40  SCV  
  33  28:47  SCV  
  34  28:55  SCV  
  35  29:02  SCV  
  36  29:09  SCV  
  37  29:16  SCV  
  38  29:23  SCV  
  39  29:27  Supply Depot  
  39  29:30  SCV  
  40  29:38  SCV  
  41  29:45  SCV  
  42  29:52  SCV  
  43  29:59  SCV  
  44  30:06  SCV  
  45  30:13  SCV  
  46  30:21  SCV  
  47  30:23  Supply Depot  
  47  30:28  SCV  
  48  30:35  SCV  
  49  30:42  SCV  
  50  30:50  SCV  
  51  30:57  SCV  
  52  31:04  SCV  
  53  31:11  SCV  
  54  31:18  SCV  
  54  31:22  Supply Depot  
  55  31:26  SCV  
  56  31:33  SCV  
  57  31:40  SCV  
  58  31:47  SCV  
  59  31:54  SCV  
  60  32:02  SCV  
  61  32:09  SCV  
  61  32:12  Supply Depot  
  62  32:16  SCV  
  63  32:23  SCV  
  64  32:30  SCV  
  65  32:37  SCV  
  66  32:45  SCV  
  67  32:52  SCV  
  68  32:59  SCV  
  68  33:01  Supply Depot  
  69  33:06  SCV  
  70  33:13  SCV  
  71  33:20  SCV  
  72  33:28  SCV  
  73  33:35  SCV  
  74  33:42  SCV  
  75  33:49  SCV  
  75  33:53  Supply Depot  
  76  33:56  SCV  
  77  34:03  SCV  
  78  34:11  SCV  
  79  34:18  SCV  
  80  34:25  SCV  
  81  34:32  SCV  
  82  34:39  SCV  
  82  34:43  Supply Depot  
  83  34:46  SCV  
  84  34:54  SCV  
  85  35:01  SCV  
  86  35:08  SCV  
  87  35:15  SCV  
  88  35:22  SCV  
  89  35:29  SCV  
  89  35:33  Supply Depot  
  90  35:36  SCV  
  91  35:44  SCV  
  92  35:51  SCV  
  93  35:58  SCV  
  94  36:05  SCV  
  95  36:13  SCV  
  96  36:20  SCV  
  96  36:23  Supply Depot  
  97  36:27  SCV  
  98  36:34  SCV  
  99  36:41  SCV  
  99  36:43  Marine  
  99  36:44  Refinery  
  98  36:49  SCV  
  87  36:56  SCV  
  71  37:03  SCV  
  58  37:10  SCV  
  44  37:18  SCV  
  42  37:25  SCV  
  36  37:32  SCV  
  35  37:43  Barracks  
  31  37:47  SCV  
  22  37:59  SCV  
  4  38:31  Marine  
  2  38:50  Supply Depot  
  1  39:14  Barracks  
  1  40:02  Marine  
  1  40:03  Supply Depot  
  1  40:30  Marine  
  1  40:35  Command Center  
  1  40:59  Marine  
  1  41:27  Marine  
  2  41:47  SCV  
  2  41:56  Marine  
  2  41:59  SCV  
  4  42:11  SCV  
  4  42:23  SCV  
  4  42:25  Marine  
  6  42:35  SCV  
  6  42:48  SCV  
  6  43:00  SCV  
  6  43:12  SCV  
  5  43:24  SCV  
  4  43:36  SCV  
  4  43:48  SCV  
  3  44:00  SCV  
Tags
 
Add a new tag
Caveats
  • Supply blocks, unpowered buildings, or Contaminate may cause inaccurate times.
  • Supply counts are checked every 10 seconds.